 Dungeon Crawl Stone Soup version 0.32-a0-312-g1d7162e751 (webtiles) character file.

Game seed: 16317471959804841336

5916 Essalna the Zephyrmancer (level 10, 0/64 HPs)
             Began as a Deep Elf Air Elementalist on Feb 15, 2024.
             Was a Believer of Vehumet.
             Slain by a two-headed ogre
             ... wielding a +0 giant club
              (27 damage)
             ... on level 8 of the Dungeon.
             The game lasted 00:20:40 (8276 turns).

Essalna the Zephyrmancer (DEAE)                     Turns: 8276, Time: 00:20:40

Health: 0/64       AC:  7    Str:  5    XL:     10   Next: 53%
Magic:  14/19      EV: 15    Int: 25    God:    Vehumet [**....]
Gold:   667        SH:  0    Dex: 23    Spells: 13/19 levels left

rFire   + . .        L - +5 rapier of Duty {vamp, rF+ Will+ Dex+4}
rCold   + . .        (no shield)
rNeg    . . .        a - +1 robe
rPois   .            e - +2 helmet
rElec   .            (no cloak)
rCorr   +            r - +0 pair of gloves
SInv    .            (no boots)
Will    ++...        d - amulet of magic regeneration
Stlth   +++          i - ring of resist corrosion
HPRegen 0.30/turn    k - +6 ring of dexterity
MPRegen 0.56/turn

%: no passive effects
@: no status effects
A: hooves 1, clumsy 1, cold resistance 1, deterioration 1, MP-powered wands
a: Renounce Religion


You were on level 8 of the Dungeon.
You worshipped Vehumet.
Vehumet was pleased with you.
You visited 2 branches of the dungeon, and saw 10 of its levels.
You also visited: Sewer and Bailey.

You collected 667 gold pieces.

Inventory:

Hand Weapons
 q - a +1 dagger of venom
 y - the +5 Force Lance {heavy, knockback}
   (You found it on level 5 of the Dungeon)
 L - the +5 rapier of Duty (weapon) {vamp, rF+ Will+ Dex+4}
   (You took it off an orc in a bailey)

   Dex+4:     It affects your dexterity (+4).
   rF+:       It protects you from fire.
   Will+:     It increases your willpower.
Armour
 a - a +1 robe (worn)
 e - a +2 helmet (worn)
 r - a +0 pair of gloves (worn)
Jewellery
 d - an amulet of magic regeneration (around neck)
 i - a ring of resist corrosion (left hand)
 k - a +6 ring of dexterity (right hand)
 w - a ring of see invisible
 z - a ring of protection from cold
 A - a ring of flight
Wands
 n - a wand of flame (24)
 t - a wand of paralysis (17)
 I - a wand of roots (4)
 J - a wand of digging (5)
Scrolls
 c - 7 scrolls of teleportation
 f - 12 scrolls of identify
 g - 2 scrolls of immolation
 x - 3 scrolls of enchant weapon
 D - a scroll of poison
 F - a scroll of blinking
 G - a scroll of vulnerability
 H - a scroll of fog
 K - a scroll of enchant armour
Potions
 h - a potion of degeneration {unknown}
 j - a potion of experience {unknown}
 l - 3 potions of curing {unknown}
 m - 3 potions of heal wounds {unknown}
 o - 2 potions of attraction {unknown}
 p - 2 potions of might {unknown}
 s - a potion of haste
 u - 2 potions of brilliance {unknown}
 v - a potion of enlightenment {unknown}
 B - 2 potions of berserk rage {unknown}
 C - a potion of lignification {unknown}
 E - a potion of resistance {unknown}
Miscellaneous
 b - a phantom mirror


   Skills:
 + Level 8.2 Fighting
 + Level 2.6 Armour
 + Level 4.7 Dodging
 - Level 2.4 Stealth
 - Level 5.0 Spellcasting
 - Level 9.0 Conjurations
 - Level 9.0 Air Magic


You had 13 spell levels left.
You knew the following spells:

 Your Spells              Type           Power      Damage    Failure   Level
a - Shock                 Conj/Air       100%       1d9       1%          1
b - Static Discharge      Conj/Air       100%       3-8/arc   1%          2
c - Swiftness             Air            50%        N/A       1%          3

Your spell library contained the following spells:

 Spells                   Type           Power      Damage    Failure   Level
 Momentum Strike          Conj/Tloc      56%        3d9       1%          2
 Magic Dart               Conj           100%       1d8       1%          1
 Sting                    Conj/Alch      100%       1d9       1%          1
 Mercury Vapours          Alch/Air       56%        N/A       1%          2
 Airstrike                Air            25%        2d(4-20)  1%          4
 Blink                    Tloc           12%        N/A       12%         2
 Call Imp                 Summ           12%        N/A       12%         2
 Sublimation of Blood     Necr           6%         N/A       12%         2
 Flame Wave               Conj/Fire      28%        2d9       13%         4
 Iskenderun's Mystic Bla  Conj/Tloc      28%        2d7       13%         4
 Frozen Ramparts          Ice            12%        1d2       24%         3
 Inner Flame              Hex/Fire       6%         N/A       24%         3
 Tukima's Dance           Hex            6%         N/A       24%         3
 Dimensional Bullseye     Hex/Tloc       3%         N/A       63%         4
 Leda's Liquefaction      Alch/Erth      3%         N/A       63%         4
 Olgreb's Toxic Radiance  Alch           6%         N/A       63%         4
 Petrify                  Alch/Erth      6%         N/A       63%         4
 Sticky Flame             Fire/Alch      6%         2d4       63%         4
 Metabolic Englaciation   Hex/Ice        3%         N/A       92%         5
 Summon Hydra             Summ           3%         N/A       100%        7


Dungeon Overview and Level Annotations

Branches:
Dungeon (9/15)             Temple (1/1) D:5           Sewer (visited)
 Bailey (visited)
   Lair: D:8-11         Orc: D:9-12

Altars:
Ashenzari
Cheibriados
Dithmenos
Elyvilon
Fedhas
Gozag
Hepliaklqana
Makhleb
Nemelex Xobeh
Okawaru
Qazlal
Ru
Sif Muna
Uskayaw
Vehumet
Wu Jian
Xom
Yredelemnul
Zin
The Shining One

Shops:
D:9 [


Innate Abilities, Weirdness & Mutations

You have large cloven feet.
You are clumsy. (Dex -2)
Your flesh is cold resistant. (rC+)
Your body sometimes deteriorates upon taking damage.
You expend magic power (3 MP) to strengthen your wands.


Message History

Casting: Shock (safe; 1% risk of failure)
Confirm with . or Enter, or press ? or * to list all spells.
Aiming: Shock (safe; 1% risk of failure)
Press: ? - help, Shift-Dir - straight line, f/p - two-headed ogre
Aim: a two-headed ogre, wielding a +0 giant club and a +0 giant spiked club (lightly wounded, 88% to hit)
The zap hits the two-headed ogre.
The two-headed ogre is lightly wounded.
Casting: Shock (safe; 1% risk of failure)
Confirm with . or Enter, or press ? or * to list all spells.
Aiming: Shock (safe; 1% risk of failure)
Press: ? - help, Shift-Dir - straight line, f/p - two-headed ogre
Aim: a two-headed ogre, wielding a +0 giant club and a +0 giant spiked club (lightly wounded, 88% to hit)
The zap hits the two-headed ogre!
The two-headed ogre is moderately wounded.
The zap hits the two-headed ogre.
The two-headed ogre is moderately wounded.
Casting: Shock (safe; 1% risk of failure)
Confirm with . or Enter, or press ? or * to list all spells.
Aiming: Shock (safe; 1% risk of failure)
Press: ? - help, Shift-Dir - straight line, f/p - two-headed ogre
Aim: a two-headed ogre, wielding a +0 giant club and a +0 giant spiked club (moderately wounded, 88% to hit)
The zap hits the two-headed ogre!
The two-headed ogre is heavily wounded.
Casting: Shock (safe; 1% risk of failure)
Confirm with . or Enter, or press ? or * to list all spells.
The two-headed ogre is struck by an arc of lightning.
The two-headed ogre is severely wounded.
You are struck by an arc of lightning.
The lightning grounds out.
The two-headed ogre hits you with a +0 giant club!!
The two-headed ogre hits you with a +0 giant spiked club!
Casting: Static Discharge (safe; 1% risk of failure)
Confirm with . or Enter, or press ? or * to list all spells.
The two-headed ogre is struck by an arc of lightning.
The two-headed ogre is severely wounded.
You are struck by an arc of lightning.
The two-headed ogre is struck by an arc of lightning.
The two-headed ogre is severely wounded.
You are struck by an arc of lightning.
The lightning grounds out.
The two-headed ogre hits you with a +0 giant club!!
You die...

#..........#..#...#.........####
##.......#.................##* #
#.......#......###..........###
###..............#*#........,....
..........#.......#*.......,,,,.#
###.#.#.........#...,,....,,,#...
#...#........#####.,....,,,..#.
#.......#.#..### **,,...,,*....
#..##.....#...@# *,....,,,..#.
###...###..##.##O####...#,,,*#**#
#......##..##.##.#....#,,,,,,** #
.....#.##..#..##.#.#******,...###
.....#.##..#.###...#,,,* *....##.
....##.##.......#..#,,,***....##.
....##..........#....,,*,,....##.
#########.........#....,,*....##.
####................,.......


You could see a two-headed ogre.

Vanquished Creatures
  A hornet (D:9)
  Sigmund (D:2)
  A shadow (D:8)
  2 wyverns
  6 yaks (D:8)
  A steam dragon (D:7)
  A water moccasin (D:7)
  Pargi (Sewer)
  An ice beast (D:6)
  A sky beast (D:6)
  11 orc warriors (Bailey)
  A black bear (D:4)
  An ogre (D:6)
  10 centaurs (Bailey)
  A brain worm (Sewer)
  A bullfrog (D:7)
  A scorpion (D:6)
  9 wights (D:7)
  3 killer bees (D:7)
  2 howler monkeys (D:5)
  4 orc priests
  A gnoll bouda (D:5)
  A hound (D:4)
  3 jellies
  2 orc wizards (D:5)
  A sleepcap (D:5)
  3 iguanas
  Robin (D:3)
  4 gnolls (D:5)
  6 adders
  2 shadow imps
  2 white imps (D:7)
  2 ufetubi (D:6)
  A dart slug (D:4)
  33 orcs
  7 endoplasms
  5 giant cockroaches
  25 goblins
  5 hobgoblins
  2 jackals (D:1)
  5 quokkas
  6 ball pythons
  13 bats
  2 frilled lizards (D:1)
  6 kobolds
  4 rats
202 creatures vanquished.

Notes
Turn   | Place    | Note
-------+----------+-------------------------------------------
     0 | D:1      | Essalna the Deep Elf Air Elementalist began the quest for
                  | the Orb.
     0 | D:1      | Reached XP level 1. HP: 10/10 MP: 6/6
   179 | D:1      | Reached XP level 2. HP: 15/15 MP: 6/8
   215 | D:1      | Learned a level 2 spell: Static Discharge
   442 | D:1      | Reached XP level 3. HP: 18/19 MP: 7/10
   800 | D:1      | Learned a level 3 spell: Swiftness
  1118 | D:2      | Reached XP level 4. HP: 11/24 MP: 7/12
  1234 | D:2      | Noticed Sigmund
  1254 | D:2      | Killed Sigmund
  1255 | D:2      | Reached skill level 5 in Spellcasting
  1255 | D:2      | Reached skill level 5 in Air Magic
  1255 | D:2      | Reached XP level 5. HP: 3/28 MP: 5/14
  1386 | D:2      | Reached XP level 6. HP: 32/32 MP: 13/15
  1655 | D:3      | Noticed Robin
  1670 | D:3      | Killed Robin
  1838 | D:3      | Found a glowing drain.
  1851 | Sewer    | Entered a sewer
  1893 | Sewer    | Noticed Pargi
  1903 | Sewer    | Killed Pargi
  1904 | Sewer    | Reached skill level 5 in Conjurations
  2064 | D:3      | Reached XP level 7. HP: 36/36 MP: 14/16
  2095 | D:3      | Paralysed by an orc for 4 turns
  2956 | D:4      | Reached skill level 1 in Fighting
  3079 | D:5      | Entered Level 5 of the Dungeon
  3139 | D:5      | Found the +5 Force Lance {heavy, knockback}
  3224 | D:5      | Found a staircase to the Ecumenical Temple.
  3245 | Temple   | Entered the Ecumenical Temple
  3268 | Temple   | Became a worshipper of Vehumet
  3915 | D:5      | Reached XP level 8. HP: 44/44 MP: 12/17
  4336 | D:6      | Reached * piety under Vehumet
  4336 | D:6      | Offered knowledge of Magic Dart by Vehumet.
  4519 | D:6      | Identified the +0 cloak of Shadows and Fog {rC- Str+3 SInv
                  | Stlth+}
  5009 | D:7      | Reached XP level 9. HP: 52/52 MP: 15/18
  5454 | D:7      | Reached ** piety under Vehumet
  5547 | D:7      | Offered knowledge of Scorch by Vehumet.
  5974 | D:8      | Reached skill level 5 in Fighting
  6113 | D:8      | HP: 2/55 [yak (13)]
  6123 | D:8      | Gained mutation: Your body sometimes deteriorates upon
                  | taking damage. [potion of mutation]
  6123 | D:8      | Gained mutation: You have sharp toenails. [potion of
                  | mutation]
  6123 | D:8      | Gained mutation: Your flesh is cold resistant. (rC+)
                  | [potion of mutation]
  6124 | D:8      | Lost mutation: Your flesh is cold resistant. (rC+) [potion
                  | of mutation]
  6124 | D:8      | Lost mutation: You have sharp toenails. [potion of
                  | mutation]
  6124 | D:8      | Gained mutation: Your muscles are strong. (Str +4, Int/Dex
                  | -1) [potion of mutation]
  6124 | D:8      | Gained mutation: You occasionally lose the ability to read
                  | scrolls when taking damage. [potion of mutation]
  6124 | D:8      | Gained mutation: You are strong-willed. (Will+) [potion of
                  | mutation]
  6126 | D:8      | Lost mutation: You occasionally lose the ability to read
                  | scrolls when taking damage. [potion of mutation]
  6126 | D:8      | Lost mutation: Your muscles are strong. (Str +4, Int/Dex
                  | -1) [potion of mutation]
  6126 | D:8      | Gained mutation: You expend magic power (3 MP) to
                  | strengthen your wands. [potion of mutation]
  6126 | D:8      | Gained mutation: Your flesh is cold resistant. (rC+)
                  | [potion of mutation]
  6127 | D:8      | Lost mutation: You are strong-willed. (Will+) [potion of
                  | mutation]
  6127 | D:8      | Lost mutation: Your body sometimes deteriorates upon taking
                  | damage. [potion of mutation]
  6127 | D:8      | Gained mutation: You have large cloven feet. [potion of
                  | mutation]
  6127 | D:8      | Gained mutation: You have hidden genetic defects. [potion
                  | of mutation]
  6167 | D:8      | Found a flagged portal.
  6176 | Bailey   | Entered a bailey
  6454 | Bailey   | Reached XP level 10. HP: 55/63 MP: 19/19
  6590 | Bailey   | Gained mutation: You are clumsy. (Dex -2) [hidden defects]
  7121 | Bailey   | Identified the +5 rapier of Duty {vamp, rF+ Will+ Dex+4}
  7145 | Bailey   | Reached skill level 1 in Armour
  7191 | Bailey   | Offered knowledge of Momentum Strike by Vehumet.
  7337 | Bailey   | Gained mutation: Your body sometimes deteriorates upon
                  | taking damage. [hidden defects]
  7337 | Bailey   | Lost mutation: You have hidden genetic defects. [hidden
                  | defects expressed]
  7954 | D:8      | Noticed a two-headed ogre
  8074 | D:9      | Found Nonaaska's Armour Shoppe.
  8276 | D:8      | Slain by a two-headed ogre

Illustrated notes

Levels and vault maps discovered:
D:1:      pf_arrival_petrified_forest, layout_basic, minmay_hedge_maze,
          minmay_pentomino_o4
D:2:      cheibrodos_pilgrimage, layout_basic, uniq_sigmund
D:3:      layout_loops_ring, portal_sewer_entry_f, uniq_robin
D:4:      layout_gridville, st_stairs_1
D:5:      layout_cave_pods, minmay_temple_entry_glass
D:6:      layout_rooms
D:7:      layout_basic, kennysheep_potato
D:8:      layout_rooms, enter_bailey_3
D:9:      layout_basic, david_orc_1_choice, serial_shops, shop,
          solitary_fountain
Temple:   mainiacjoe_temple_big_plus

Skill      XL: |  1  2  3  4  5  6  7  8  9 10 |
---------------+-------------------------------+-----
Conjurations   | 2 4 5 6 7 9 |  9.0
Spellcasting   | 4 5 |  5.0
Air Magic      | 4 5 6 8 9 |  9.0
Fighting       | 2 4 7 8 |  8.2
Dodging        | 4 |  4.7
Armour         | 2 |  2.6
Stealth        | |  2.4

Action                     |  1- 3 |  4- 6 |  7- 9 | 10-12 || total
---------------------------+-------+-------+-------+-------++-------
  Melee: Unarmed           |     1 |       |       |       ||     1
         Lance             |       |       |    23 |     1 ||    24
   Cast: Shock             |    56 |    51 |   332 |   175 ||   614
         Static Discharge  |     1 |    10 |    19 |    20 ||    50
         Swiftness         |       |       |       |     1 ||     1
  Evoke: Wand              |       |     6 |     1 |     3 ||    10
    Use: Scroll            |       |     3 |     6 |       ||     9
         Potion            |       |       |     5 |       ||     5
   Stab: Sleeping          |       |       |     1 |       ||     1
 Armour: Robe              |     6 |    30 |    82 |    77 ||   195
  Dodge: Dodged            |     8 |     8 |    71 |    43 ||   130

Table legend: (Time is in decaauts)
 A = Elapsed time spent in this place.
 B = Non-inter-level travel time spent in this place.
 C = Inter-level travel time spent in this place.
 D = Time resting spent in this place.
 E = Time spent auto-exploring this place.
 F = Levels seen in this place.
 G = Mean time per level.
                   A        B        C        D        E       F      G
               +--------+--------+--------+--------+--------+-----+--------+
         Total |   8315 |   7903 |    412 |    346 |   6107 |  12 |  692.9 |
       Dungeon |   6384 |   6015 |    369 |      0 |   5076 |   9 |  709.3 |
        Temple |     45 |      2 |     43 |      0 |      0 |   1 |   45.0 |
         Sewer |    124 |    124 |      0 |      0 |     84 |   1 |  124.0 |
        Bailey |   1760 |   1760 |      0 |    346 |    946 |   1 | 1760.0 |
               +--------+--------+--------+--------+--------+-----+--------+

Top non-repeatable levels by time:
  Bailey: 1760 daAuts
     D:7: 1106 daAuts
     D:5: 913 daAuts
     D:2: 829 daAuts
     D:1: 819 daAuts
     D:6: 817 daAuts
     D:3: 778 daAuts
     D:4: 529 daAuts
     D:8: 466 daAuts
   Sewer: 124 daAuts
     D:9: 123 daAuts
  Temple: 45 daAuts
